 Seeded DCSS version 0.31-a0-66-ge618eeaa78 (webtiles) character file.

Game seed: 12735965570273765983 (custom seed)

749 Pimp the Shooter (level 7, -3/46 HPs)
             Began as a Deep Elf Hunter on May 22, 2023.
             Slain by an ice beast (9 damage)
             ... on level 5 of the Dungeon.
             The game lasted 00:06:14 (2779 turns).

Pimp the Shooter (Deep Elf Hunter)                  Turns: 2779, Time: 00:06:14

Health: -3/46      AC:  4    Str:  8    XL:     7   Next: 48%
Magic:  9/9        EV: 19    Int: 14    God:
Gold:   144        SH:  0    Dex: 20    Spells: 6/6 levels left

rFire   . . .        e - +0 hand crossbow (elec)
rCold   . . .        (no shield)
rNeg    . . .        c - +0 leather armour
rPois   .            (no helmet)
rElec   .            (no cloak)
rCorr   .            f - +0 pair of gloves
SInv    .            (no boots)
Will    .....        (no amulet)
Stlth   +++          k - +5 ring of evasion
HPRegen 0.27/turn    (no ring)
MPRegen 0.11/turn

%: no passive effects
@: no status effects
A: robust 1
a: no special abilities


You were on level 5 of the Dungeon.
You visited 1 branch of the dungeon, and saw 5 of its levels.
You also visited: Ossuary.

You collected 144 gold pieces.

Inventory:

Hand Weapons
 a - a +0 shortbow
 e - a +0 hand crossbow of electrocution (weapon)
Armour
 c - a +0 leather armour (worn)
 f - a +0 pair of gloves (worn)
Magical Staves
 g - the staff of cold "Wonu" {*Slow rElec rF+++ rC+ Str+4}
   (You acquired it on level 1 of the Dungeon)

   [staff of cold]

   Base accuracy: +5 Base damage: 5 Base attack delay: 1.2 This weapon's minimum
   attack delay (0.6) is reached at skill level 12.
   Str:       It affects your strength (+4).
   rF:        It renders you almost immune to fire.
   rC:        It protects you from cold.
   rElec:     It insulates you from electricity.
   *Slow:     It may slow you when you take damage.
   It falls into the 'Staves' category.
   It is a one-handed weapon.
Jewellery
 k - a +5 ring of evasion (left hand)
 m - a ring of magical power
 o - an amulet of the acrobat
Wands
 h - a wand of light (9)
 y - a wand of paralysis (11)
Scrolls
 b - 4 scrolls of immolation
 d - a scroll of enchant weapon {unknown}
 p - 2 scrolls of identify
 q - 2 scrolls of blinking {unknown}
 t - a scroll of fear {unknown}
 u - a scroll of torment {unknown}
 w - 2 scrolls of fog {unknown}
Potions
 i - a potion of attraction {unknown}
 j - 2 potions of curing {unknown}
 l - 2 potions of brilliance {unknown}
 n - a potion of ambrosia {unknown}
 r - a potion of haste {unknown}
 s - 2 potions of resistance {unknown}
 v - a potion of might {unknown}
 x - a potion of enlightenment {unknown}
 z - 2 potions of heal wounds {unknown}
 A - a potion of berserk rage
 B - a potion of cancellation {unknown}


   Skills:
 + Level 3.7 Fighting
 + Level 7.6 Ranged Weapons
 + Level 5.4 Dodging
 + Level 5.4 Stealth


You had 6 spell levels left.
You didn't know any spells.
Your spell library was empty.

Dungeon Overview and Level Annotations

Branches:
Dungeon (5/15)             Temple (0/1) D:5         Ossuary (visited)

Altars:
Dithmenos
Fedhas
Gozag
Hepliaklqana
Vehumet
Yredelemnul

Shops:
D:3 ?   D:4 =


Innate Abilities, Weirdness & Mutations

You are robust. (+10% HP)


Message History

The scorpion closely misses you.
You shoot a bolt. The bolt hits the scorpion.
Lightning courses through the scorpion!
The scorpion is severely wounded.
The scorpion closely misses you. The scorpion misses you.
You shoot a bolt. The bolt hits the scorpion!
You kill the scorpion!
The phantom misses you.
You shoot a bolt. The bolt hits the phantom!
The phantom is moderately damaged.
The phantom barely misses you. x2
You shoot a bolt. The bolt hits the phantom!
The phantom is severely damaged.
The phantom closely misses you.
You shoot a bolt. The bolt hits the phantom!
Lightning courses through the phantom!
You destroy the phantom!
The sentinel's mark upon you fades away.
A dart slug comes into view.
An ice beast comes into view.
The dart slug launches a dart at you. The slug dart hits you.
A dart slug comes into view.
There is a staircase to the Ecumenical Temple here.
You shoot a bolt. The bolt hits the dart slug.
Lightning courses through the dart slug!
You kill the dart slug!
You shoot a bolt. The bolt closely misses the ice beast.
The ice beast hits you but does no damage.
The ice beast misses you. The dart slug launches a dart at you.
The slug dart misses you.
You shoot a bolt. The bolt closely misses the ice beast.
The ice beast hits you. The ice beast freezes you!
* * * LOW HITPOINT WARNING * * *
You shoot a bolt. The bolt hits the ice beast.
The ice beast is lightly wounded.
The ice beast hits you.
* * * LOW HITPOINT WARNING * * *
The ice beast freezes you!
You die...

#..... .# ..... .#
.... #.# ...... .
..#.# #.. ##.
###.# ...
....###...##.#.#
..#.....@Y.#....
....##..>..##...
.....#.....w..#
###.##...###...
#..#.###...#.
#######.)#.#......
#........†....##
#.#######.#......#
#.....# #...####.#


You could see an ice beast and a dart slug.

Vanquished Creatures
  A phantom (D:5)
  An elf zombie (D:4)
  A scorpion (D:5)
  A centaur zombie (D:4)
  4 hounds
  A jelly (D:4)
  A human zombie (D:4)
  Jessica (D:2)
  A human skeleton (D:4)
  2 iguanas
  An orc wizard (D:3)
  4 mummies (Ossuary)
  3 adders
  A shadow imp (D:5)
  An ufetubus (D:4)
  An adder zombie (D:4)
  4 worms (D:2)
  4 dart slugs
  4 orcs
  8 ball pythons
  7 endoplasms
  A giant cockroach (D:3)
  2 gnoll zombies (Ossuary)
  5 goblins
  10 hobgoblins
  7 jackals
  4 quokkas
  4 bats
  3 frilled lizards
  2 hobgoblin zombies (Ossuary)
  6 kobolds
  3 kobold zombies (Ossuary)
  3 orc skeletons (D:4)
  An orc zombie (Ossuary)
  4 rats
107 creatures vanquished.

Notes
Turn   | Place    | Note
-------+----------+-------------------------------------------
     0 | D:1      | Pimp the Deep Elf Hunter began the quest for the Orb.
     0 | D:1      | Reached XP level 1. HP: 12/12 MP: 3/3
    42 | D:1      | Identified 2 scrolls of acquirement
    42 | D:1      | Acquired the staff of cold "Wonu" {*Slow rElec rF+++ rC+
                  | Str+4}
    43 | D:1      | Acquired a +0 hand crossbow of electrocution
   209 | D:1      | Reached XP level 2. HP: 17/17 MP: 4/4
   707 | D:1      | Reached XP level 3. HP: 21/21 MP: 5/5
   801 | D:2      | Noticed Jessica
   807 | D:2      | Killed Jessica
   875 | D:2      | Reached XP level 4. HP: 26/26 MP: 6/6
   959 | D:2      | Reached skill level 6 in Ranged Weapons
  1002 | D:2      | Found an opulent altar of Gozag.
  1333 | D:3      | Reached XP level 5. HP: 31/31 MP: 7/7
  1345 | D:3      | Found Liryusam's Magic Scroll Emporium.
  1593 | D:4      | Found a sand-covered staircase.
  1598 | Ossuary  | Entered an ossuary
  1774 | Ossuary  | Gained mutation: You are clumsy. (Dex -2) [potion of
                  | mutation]
  1774 | Ossuary  | Gained mutation: You have large cloven feet. [potion of
                  | mutation]
  1775 | Ossuary  | Lost mutation: You have large cloven feet. [potion of
                  | mutation]
  1775 | Ossuary  | Lost mutation: You are clumsy. (Dex -2) [potion of
                  | mutation]
  1775 | Ossuary  | Gained mutation: You expend magic power (3 MP) to
                  | strengthen your wands. [potion of mutation]
  1775 | Ossuary  | Gained mutation: You have sharp toenails. [potion of
                  | mutation]
  1775 | Ossuary  | Gained mutation: Your mind is acute. (Int +4, Str/Dex -1)
                  | [potion of mutation]
  1776 | Ossuary  | Lost mutation: You expend magic power (3 MP) to strengthen
                  | your wands. [potion of mutation]
  1776 | Ossuary  | Lost mutation: Your mind is acute. (Int +4, Str/Dex -1)
                  | [potion of mutation]
  1776 | Ossuary  | Lost mutation: You have sharp toenails. [potion of
                  | mutation]
  1776 | Ossuary  | Gained mutation: Your flesh is cold resistant. (rC+)
                  | [potion of mutation]
  1776 | Ossuary  | Gained mutation: You have very sharp teeth. [potion of
                  | mutation]
  1776 | Ossuary  | Gained mutation: You are frail. (-10% HP) [potion of
                  | mutation]
  1776 | Ossuary  | Gained mutation: You expend magic power (3 MP) to
                  | strengthen your wands. [potion of mutation]
  1777 | Ossuary  | Lost mutation: You are frail. (-10% HP) [potion of
                  | mutation]
  1777 | Ossuary  | Lost mutation: Your flesh is cold resistant. (rC+) [potion
                  | of mutation]
  1777 | Ossuary  | Lost mutation: You have very sharp teeth. [potion of
                  | mutation]
  1777 | Ossuary  | Gained mutation: You passively dampen the noise of your
                  | surroundings. [potion of mutation]
  1777 | Ossuary  | Gained mutation: Your muscles are strong. (Str +4, Int/Dex
                  | -1) [potion of mutation]
  1786 | Ossuary  | Lost mutation: You expend magic power (3 MP) to strengthen
                  | your wands. [potion of mutation]
  1786 | Ossuary  | Lost mutation: You passively dampen the noise of your
                  | surroundings. [potion of mutation]
  1786 | Ossuary  | Gained mutation: You are robust. (+10% HP) [potion of
                  | mutation]
  1787 | Ossuary  | Lost mutation: You are robust. (+10% HP) [potion of
                  | mutation]
  1787 | Ossuary  | Lost mutation: Your muscles are strong. (Str +4, Int/Dex
                  | -1) [potion of mutation]
  1787 | Ossuary  | Gained mutation: You are robust. (+10% HP) [potion of
                  | mutation]
  1829 | D:4      | Reached XP level 6. HP: 39/39 MP: 8/8
  1932 | D:4      | Found a radiant altar of Vehumet.
  2130 | D:4      | Found a basalt altar of Yredelemnul.
  2180 | D:4      | Found Elafyh's Jewellery Emporium.
  2269 | D:4      | Found a blossoming altar of Fedhas.
  2269 | D:4      | Found a hazy altar of Hepliaklqana.
  2319 | D:4      | Found a shadowy altar of Dithmenos.
  2459 | D:4      | Reached skill level 7 in Ranged Weapons
  2502 | D:4      | Reached skill level 5 in Dodging
  2502 | D:4      | Reached XP level 7. HP: 38/45 MP: 9/9
  2656 | D:5      | Entered Level 5 of the Dungeon
  2746 | D:5      | Found a staircase to the Ecumenical Temple.
  2754 | D:5      | Reached skill level 5 in Stealth
  2779 | D:5      | Slain by an ice beast

Illustrated notes

Levels and vault maps discovered:
D:1:      dpeg_arrival_long_road, layout_loops_cross, hex_tiny
D:2:      layout_rooms, basic_altar, uniq_jessica
D:3:      layout_rooms, serial_shops, shop, st_stairs_8, grunt_ministairs_10
D:4:      layout_basic, vehumet_crystals, lemuel_zombie_altar_yredelemnul,
          nicolae_dithmenos_shadow_blocks, nicolae_overflow_two_pavilions,
          serial_shops, kennysheep_mini, nicolae_ossuary_entry_catacombs
D:5:      layout_basic, nicolae_uskayaw_suspiria, mainiacjoe_overflow_boulevard,
          minmay_temple_entry_slanted, minmay_manual_monstrance

Skill      XL: |  1  2  3  4  5  6  7 |
---------------+----------------------+-----
Stealth        | 2 3 4 5 |  5.4
Fighting       | 2 3 |  3.7
Dodging        | 3 4 5 |  5.4
Ranged Weapons | 6 7 |  7.6

Action                     |  1- 3 |  4- 6 |  7- 9 || total
---------------------------+-------+-------+-------++-------
   Fire: Hand crossbow     |    56 |   124 |    29 ||   209
    Use: Scroll            |     3 |     1 |       ||     4
         Potion            |     1 |     7 |       ||     8
 Armour: Leather armour    |     6 |     3 |     2 ||    11
  Dodge: Dodged            |    22 |    27 |    26 ||    75

Table legend: (Time is in decaauts)
 A = Elapsed time spent in this place.
 B = Non-inter-level travel time spent in this place.
 C = Inter-level travel time spent in this place.
 D = Time resting spent in this place.
 E = Time spent auto-exploring this place.
 F = Levels seen in this place.
 G = Mean time per level.
                   A        B        C        D        E       F      G
               +--------+--------+--------+--------+--------+-----+--------+
         Total |   2922 |   2789 |    133 |     17 |   2175 |   6 |  487.0 |
       Dungeon |   2694 |   2561 |    133 |     17 |   2053 |   5 |  538.8 |
       Ossuary |    228 |    228 |      0 |      0 |    122 |   1 |  228.0 |
               +--------+--------+--------+--------+--------+-----+--------+

Top non-repeatable levels by time:
     D:4: 923 daAuts
     D:1: 749 daAuts
     D:2: 446 daAuts
     D:3: 437 daAuts
 Ossuary: 228 daAuts
     D:5: 138 daAuts
